General information
- name: BNet
- type: Ladder team game (AT/RT)
- host: Battle.net
- saver: PUTINSTARTEDWW3
map: Deadlock
- players: 8
- length: 59:35
- speed: Fast
- version: 1.26 W3XP
- replay type: Public
» download(450 KB)
Players
team 1 (loser)

»
SNOWman (
red | 40 APM | 1004 actions | 24:52)
4 Demon Hunter
2 Immolation
2 Evasion
2 Keeper of the Grove
1 Entangling Roots
1 Thorns Aura
» actions
| Basic commands | 20 | |
| Build / train | 93 | |
| Enter build submenu | 22 | |
| Enter hero's abilities submenu | 6 | |
| Give item / drop item | 3 | |
| Right click | 484 | |
| Select / deselect | 321 | |
| Use ability | 55 | |
1004 total
» units
| Wisp | 20 | |
| Huntress | 13 | |
| Centaur Outrunner | 1 | |
| Faerie Dragon | 8 | |
| Hippogryph | 15 | |
| Chimaera | 14 | |
71 total
» upgrades
| Reinforced Hides | 2 | |
| Strength of the Wild | 2 | |
| Corrosive Breath | 1 | |
5 total
» buildings
| Altar of Elders | 1 | |
| Moon Well | 8 | |
| Hunter's Hall | 1 | |
| Ancient of War | 1 | |
| Ancient of Wonders | 1 | |
| Tree of Life | 2 | |
| Tree of Ages | 1 | |
| Ancient of Wind | 1 | |
| Tree of Eternity | 1 | |
| Chimaera Roost | 3 | |
| Ancient Protector | 2 | |
22 total
» build order
00:24 Altar of Elders
00:38 Moon Well
01:32 Hunter's Hall
01:56 Ancient of War
02:15 Moon Well
02:43 Moon Well
03:17 Ancient of Wonders
04:48 Tree of Life
04:55 Tree of Ages
07:11 Moon Well
07:26 Ancient of Wind
08:37 Tree of Eternity
10:24 Moon Well
10:29 Moon Well
11:53 Chimaera Roost
11:54 Chimaera Roost
12:02 Chimaera Roost
12:05 Moon Well
12:55 Moon Well
14:21 Ancient Protector
14:31 Ancient Protector
15:21 Tree of Life
» items
| Dust of Appearance | 2 | |
| Scroll of Town Portal | 3 | |
| Orb of Venom | 1 | |
| Potion of Healing | 1 | |
7 total
Zero (
teal | 90 APM | 5365 actions | 59:35)
6 Demon Hunter
3 Mana Burn
2 Evasion
1 Metamorphosis
5 Keeper of the Grove
3 Entangling Roots
2 Thorns Aura
» actions
| Assign group hotkey | 148 | |
| Basic commands | 189 | |
| Build / train | 134 | |
| Enter build submenu | 25 | |
| Enter hero's abilities submenu | 12 | |
| Give item / drop item | 3 | |
| Right click | 2311 | |
| Select / deselect | 894 | |
| Select group hotkey | 1459 | |
| Use ability | 183 | |
5365 total
» units
| Wisp | 28 | |
| Archer | 6 | |
| Dryad | 14 | |
| Druid of the Claw | 7 | |
55 total
» upgrades
| Ultravision | 1 | |
| Improved Bows | 1 | |
| Abolish Magic | 1 | |
| Druid of the Claw Training | 2 | |
| Marksmanship | 1 | |
| Strength of the Wild | 3 | |
| Well Spring | 1 | |
| Mark of the Claw | 2 | |
| Reinforced Hides | 3 | |
| Strength of the Moon | 1 | |
| Nature's Blessing | 1 | |
17 total
» buildings
| Altar of Elders | 2 | |
| Moon Well | 8 | |
| Ancient of War | 1 | |
| Tree of Ages | 5 | |
| Hunter's Hall | 1 | |
| Ancient of Wonders | 1 | |
| Tree of Life | 1 | |
| Ancient Protector | 4 | |
| Ancient of Lore | 3 | |
| Tree of Eternity | 3 | |
29 total
» build order
00:08 Altar of Elders
00:18 Moon Well
01:01 Ancient of War
01:28 Moon Well
02:31 Moon Well
03:18 Tree of Ages
03:19 Tree of Ages
03:19 Tree of Ages
03:19 Tree of Ages
03:53 Hunter's Hall
04:24 Moon Well
04:52 Ancient of Wonders
05:17 Tree of Life
05:45 Ancient Protector
06:50 Ancient of Lore
06:53 Ancient of Lore
07:54 Tree of Eternity
07:54 Tree of Eternity
07:54 Tree of Eternity
08:38 Moon Well
09:12 Ancient Protector
10:29 Ancient Protector
10:31 Ancient Protector
12:32 Moon Well
20:16 Ancient of Lore
23:19 Moon Well
29:51 Altar of Elders
29:52 Moon Well
» items
| Scroll of Town Portal | 2 | |
| Orb of Venom | 1 | |
| Potion of Healing | 1 | |
| Boots of Speed | 1 | |
5 total
DarKNeSSCaLLeD (
orange | 102 APM | 5035 actions | 49:26)
5 Death Knight
3 Death Coil
2 Unholy Aura
5 Lich
3 Frost Nova
2 Frost Armor
3 Dreadlord
2 Sleep
1 Carrion Swarm
» actions
| Assign group hotkey | 82 | |
| Basic commands | 238 | |
| Build / train | 112 | |
| ESC pressed | 4 | |
| Enter build submenu | 27 | |
| Enter hero's abilities submenu | 15 | |
| Give item / drop item | 12 | |
| Right click | 2159 | |
| Select / deselect | 597 | |
| Select group hotkey | 1596 | |
| Use ability | 193 | |
5035 total
» units
| Acolyte | 25 | |
| Ghoul | 6 | |
| Crypt Fiend | 12 | |
| Frost Wyrm | 3 | |
46 total
» upgrades
| Cannibalize | 1 | |
| Creature Attack | 3 | |
| Web | 2 | |
| Burrow | 1 | |
| Creature Carapace | 1 | |
8 total
» buildings
| Graveyard | 1 | |
| Crypt | 2 | |
| Altar of Darkness | 1 | |
| Ziggurat | 15 | |
| Tomb of Relics | 1 | |
| Nerubian Tower | 2 | |
| Halls of the Dead | 4 | |
| Spirit Tower | 7 | |
| Necropolis | 1 | |
| Black Citadel | 1 | |
| Sacrificial Pit | 1 | |
| Boneyard | 3 | |
| Slaughterhouse | 3 | |
42 total
» build order
00:05 Graveyard
00:07 Crypt
00:12 Crypt
00:42 Altar of Darkness
00:56 Ziggurat
01:17 Tomb of Relics
01:48 Nerubian Tower
02:01 Ziggurat
04:16 Ziggurat
05:06 Halls of the Dead
05:06 Halls of the Dead
05:07 Halls of the Dead
05:17 Nerubian Tower
05:51 Ziggurat
06:43 Spirit Tower
07:29 Ziggurat
07:30 Necropolis
08:07 Black Citadel
08:14 Ziggurat
08:18 Sacrificial Pit
09:04 Spirit Tower
09:15 Spirit Tower
09:15 Spirit Tower
10:02 Ziggurat
10:50 Boneyard
10:51 Boneyard
11:11 Boneyard
12:37 Spirit Tower
13:56 Ziggurat
13:57 Slaughterhouse
16:20 Ziggurat
16:23 Spirit Tower
17:20 Ziggurat
17:20 Ziggurat
17:20 Ziggurat
19:30 Slaughterhouse
19:30 Slaughterhouse
19:33 Ziggurat
19:33 Ziggurat
19:34 Ziggurat
» items
| Rod of Necromancy | 4 | |
| Sacrificial Skull | 1 | |
| Dust of Appearance | 1 | |
| Staff of Teleportation | 4 | |
| Potion of Healing | 1 | |
| Potion of Mana | 1 | |
| Orb of Corruption | 1 | |
| Scroll of Town Portal | 2 | |
| Potion of Lesser Invulnerability | 1 | |
| Potion of Invisibility | 1 | |
| Boots of Speed | 2 | |
| Periapt of Vitality | 4 | |
23 total
PUTINSTARTEDWW3 (
green | 89 APM | 5321 actions | 59:35)
8 Archmage
2 Summon Water Elemental
3 Brilliance Aura
2 Blizzard
1 Mass Teleport
» actions
| Assign group hotkey | 274 | |
| Basic commands | 279 | |
| Build / train | 236 | |
| ESC pressed | 25 | |
| Enter build submenu | 71 | |
| Enter hero's abilities submenu | 9 | |
| Give item / drop item | 14 | |
| Right click | 1916 | |
| Select / deselect | 629 | |
| Select group hotkey | 1530 | |
| Use ability | 338 | |
5321 total
» units
| Peasant | 25 | |
| Footman | 3 | |
| Gryphon Rider | 10 | |
| Dragonhawk Rider | 7 | |
| Siege Engine | 9 | |
| Mortar Team | 2 | |
56 total
» upgrades
| Masonry | 3 | |
| Swords | 3 | |
| Lumber Harvesting | 2 | |
| Animal War Training | 1 | |
| Armor | 3 | |
| Storm Hammers | 2 | |
| Cloud | 2 | |
| Gunpowder | 4 | |
| Barrage | 1 | |
| Plating | 3 | |
| Fragmentation Shards | 1 | |
| Flare | 1 | |
| Flak Cannons | 1 | |
| Flying Machine Bombs | 1 | |
| Backpack | 1 | |
29 total
» buildings
| Altar of Kings | 1 | |
| Barracks | 1 | |
| Farm | 11 | |
| Lumber Mill | 1 | |
| Arcane Vault | 1 | |
| Scout Tower | 42 | |
| Keep | 4 | |
| Guard Tower | 49 | |
| Blacksmith | 1 | |
| Town Hall | 6 | |
| Castle | 4 | |
| Gryphon Aviary | 4 | |
| Workshop | 5 | |
130 total
» build order
00:51 Altar of Kings
00:53 Barracks
00:54 Farm
01:04 Farm
01:22 Lumber Mill
01:34 Arcane Vault
02:02 Farm
02:33 Farm
04:02 Scout Tower
04:03 Scout Tower
04:06 Scout Tower
04:27 Keep
04:28 Keep
04:28 Keep
04:30 Guard Tower
04:30 Guard Tower
04:30 Guard Tower
04:32 Guard Tower
04:32 Guard Tower
04:33 Guard Tower
05:38 Blacksmith
06:21 Town Hall
06:23 Scout Tower
06:23 Scout Tower
06:25 Scout Tower
06:26 Scout Tower
06:27 Scout Tower
06:27 Scout Tower
06:28 Scout Tower
07:21 Guard Tower
07:29 Guard Tower
07:29 Guard Tower
07:31 Scout Tower
07:32 Scout Tower
07:33 Scout Tower
07:37 Scout Tower
07:42 Guard Tower
08:13 Castle
08:13 Castle
08:13 Castle
08:15 Gryphon Aviary
08:22 Gryphon Aviary
08:26 Guard Tower
08:26 Guard Tower
08:26 Guard Tower
08:27 Guard Tower
08:27 Guard Tower
08:41 Farm
08:43 Farm
08:45 Farm
08:47 Farm
08:50 Scout Tower
08:52 Scout Tower
08:54 Scout Tower
09:30 Guard Tower
09:30 Guard Tower
09:34 Guard Tower
09:34 Guard Tower
09:34 Guard Tower
11:57 Scout Tower
11:57 Scout Tower
11:58 Scout Tower
12:00 Scout Tower
12:02 Scout Tower
12:33 Guard Tower
12:33 Guard Tower
12:33 Guard Tower
16:51 Farm
16:51 Farm
16:54 Farm
16:57 Gryphon Aviary
17:01 Gryphon Aviary
23:09 Workshop
23:10 Workshop
23:14 Workshop
23:39 Workshop
23:44 Workshop
23:50 Guard Tower
26:28 Town Hall
26:30 Scout Tower
26:31 Scout Tower
26:32 Scout Tower
26:33 Scout Tower
26:35 Scout Tower
31:54 Scout Tower
31:54 Scout Tower
31:54 Scout Tower
31:55 Scout Tower
31:58 Scout Tower
32:23 Town Hall
33:10 Guard Tower
37:32 Scout Tower
37:33 Scout Tower
37:34 Scout Tower
37:35 Scout Tower
37:37 Scout Tower
38:22 Guard Tower
38:22 Guard Tower
38:22 Guard Tower
38:23 Guard Tower
38:23 Guard Tower
38:29 Guard Tower
41:06 Town Hall
44:43 Scout Tower
44:43 Scout Tower
44:44 Scout Tower
44:45 Scout Tower
44:46 Scout Tower
45:13 Guard Tower
45:14 Guard Tower
45:20 Guard Tower
45:20 Guard Tower
53:54 Town Hall
54:22 Town Hall
» items
| Scroll of Regeneration | 4 | |
| Potion of Invisibility | 1 | |
| Dust of Appearance | 1 | |
| Boots of Speed | 1 | |
| Staff of Teleportation | 1 | |
| Tome of Retraining | 1 | |
| Periapt of Vitality | 1 | |
| Staff of Sanctuary | 1 | |
| Scroll of Town Portal | 7 | |
| Potion of Lesser Invulnerability | 3 | |
21 total
team 2 (winner)
hiroshima (
purple | 75 APM | 3774 actions | 50:27)
8 Archmage
3 Summon Water Elemental
3 Brilliance Aura
1 Mass Teleport
1 Blizzard
» actions
| Assign group hotkey | 27 | |
| Basic commands | 111 | |
| Build / train | 110 | |
| ESC pressed | 10 | |
| Enter build submenu | 35 | |
| Enter hero's abilities submenu | 7 | |
| Right click | 1615 | |
| Select / deselect | 1077 | |
| Select group hotkey | 505 | |
| Use ability | 277 | |
3774 total
» units
| Peasant | 15 | |
| Mortar Team | 15 | |
| Sorceress | 14 | |
| Siege Engine | 7 | |
51 total
» upgrades
| Masonry | 2 | |
| Lumber Harvesting | 2 | |
| Gunpowder | 3 | |
| Sorceress Training | 2 | |
| Flare | 1 | |
| Barrage | 1 | |
| Plating | 3 | |
14 total
» buildings
| Altar of Kings | 1 | |
| Farm | 10 | |
| Lumber Mill | 1 | |
| Scout Tower | 11 | |
| Keep | 5 | |
| Guard Tower | 7 | |
| Blacksmith | 1 | |
| Arcane Sanctum | 2 | |
| Workshop | 3 | |
| Castle | 2 | |
| Arcane Vault | 2 | |
| Town Hall | 3 | |
48 total
» build order
00:07 Altar of Kings
00:11 Farm
00:44 Lumber Mill
01:55 Scout Tower
02:06 Keep
02:21 Guard Tower
02:24 Blacksmith
02:30 Scout Tower
02:35 Farm
03:00 Guard Tower
03:15 Farm
04:29 Arcane Sanctum
04:35 Workshop
04:39 Workshop
04:49 Farm
04:51 Farm
06:01 Farm
08:35 Castle
10:06 Arcane Vault
10:16 Town Hall
10:18 Scout Tower
10:20 Scout Tower
10:23 Scout Tower
11:50 Guard Tower
12:58 Arcane Sanctum
14:11 Farm
14:15 Farm
14:57 Workshop
16:47 Farm
16:50 Farm
20:50 Scout Tower
20:53 Scout Tower
20:56 Scout Tower
20:58 Scout Tower
21:05 Arcane Vault
21:24 Guard Tower
21:28 Guard Tower
21:40 Guard Tower
22:37 Scout Tower
22:39 Scout Tower
23:52 Guard Tower
25:36 Town Hall
27:59 Keep
27:59 Keep
31:28 Castle
35:34 Town Hall
» items
| Scroll of Town Portal | 5 | |
| Scroll of Regeneration | 8 | |
| Potion of Healing | 5 | |
| Lesser Clarity Potion | 4 | |
22 total
GabrielUrach (
pink | 36 APM | 2135 actions | 59:35)
4 Death Knight
2 Death Coil
2 Unholy Aura
» actions
| Assign group hotkey | 48 | |
| Basic commands | 11 | |
| Build / train | 65 | |
| Enter build submenu | 19 | |
| Enter hero's abilities submenu | 4 | |
| Remove unit from queue | 4 | |
| Right click | 1231 | |
| Select / deselect | 531 | |
| Select group hotkey | 183 | |
| Use ability | 38 | |
2135 total
» units
| Acolyte | 9 | |
| Ghoul | 11 | |
| Crypt Fiend | 8 | |
| Abomination | 10 | |
| Gargoyle | 8 | |
46 total
» upgrades
| Unholy Armor | 1 | |
| Unholy Strength | 2 | |
| Web | 1 | |
4 total
» buildings
| Crypt | 2 | |
| Altar of Darkness | 1 | |
| Ziggurat | 7 | |
| Tomb of Relics | 1 | |
| Graveyard | 1 | |
| Halls of the Dead | 1 | |
| Spirit Tower | 4 | |
| Slaughterhouse | 2 | |
| Black Citadel | 1 | |
20 total
» build order
00:11 Crypt
00:17 Altar of Darkness
00:34 Ziggurat
00:54 Tomb of Relics
01:35 Ziggurat
03:05 Graveyard
04:06 Ziggurat
05:52 Halls of the Dead
06:25 Ziggurat
07:27 Spirit Tower
08:37 Slaughterhouse
09:09 Black Citadel
10:01 Ziggurat
13:42 Slaughterhouse
14:00 Ziggurat
15:25 Ziggurat
19:22 Crypt
33:16 Spirit Tower
33:17 Spirit Tower
33:39 Spirit Tower
» items
| Rod of Necromancy | 1 | |
| Scroll of Town Portal | 1 | |
2 total
1370 (
yellow | 64 APM | 3822 actions | 59:35)
8 Archmage
1 Summon Water Elemental
3 Brilliance Aura
3 Blizzard
1 Mass Teleport
» actions
| Assign group hotkey | 26 | |
| Basic commands | 244 | |
| Build / train | 189 | |
| ESC pressed | 4 | |
| Enter build submenu | 40 | |
| Enter hero's abilities submenu | 9 | |
| Right click | 1216 | |
| Select / deselect | 1157 | |
| Select group hotkey | 761 | |
| Use ability | 176 | |
3822 total
» units
| Peasant | 42 | |
| Mortar Team | 8 | |
| Flying Machine | 28 | |
78 total
» upgrades
| Masonry | 3 | |
| Gunpowder | 3 | |
| Plating | 4 | |
| Flak Cannons | 1 | |
| Flying Machine Bombs | 2 | |
| Fragmentation Shards | 1 | |
| Flare | 1 | |
| Armor | 1 | |
16 total
» buildings
| Altar of Kings | 1 | |
| Farm | 13 | |
| Lumber Mill | 2 | |
| Arcane Vault | 3 | |
| Scout Tower | 8 | |
| Arcane Tower | 7 | |
| Town Hall | 1 | |
| Keep | 1 | |
| Guard Tower | 16 | |
| Blacksmith | 2 | |
| Castle | 4 | |
| Workshop | 4 | |
62 total
» build order
00:16 Altar of Kings
00:20 Farm
00:26 Lumber Mill
00:34 Farm
00:56 Arcane Vault
01:41 Farm
01:58 Scout Tower
02:32 Arcane Tower
02:32 Arcane Tower
04:10 Town Hall
04:17 Scout Tower
04:27 Keep
04:41 Farm
04:47 Scout Tower
04:49 Arcane Tower
04:49 Arcane Tower
04:50 Arcane Tower
05:12 Scout Tower
05:22 Guard Tower
05:22 Guard Tower
05:22 Guard Tower
05:30 Arcane Vault
05:57 Farm
05:59 Farm
06:02 Guard Tower
06:02 Guard Tower
06:04 Scout Tower
06:06 Scout Tower
06:17 Blacksmith
06:25 Blacksmith
06:45 Scout Tower
07:06 Castle
07:06 Castle
07:06 Castle
07:15 Farm
07:25 Guard Tower
07:25 Guard Tower
07:25 Guard Tower
07:30 Guard Tower
07:34 Scout Tower
07:47 Guard Tower
07:47 Guard Tower
07:58 Workshop
08:02 Workshop
08:22 Guard Tower
08:22 Guard Tower
09:18 Workshop
09:39 Lumber Mill
09:46 Farm
09:48 Farm
09:54 Arcane Vault
11:21 Farm
12:55 Farm
13:54 Farm
13:56 Farm
18:57 Workshop
» items
| Scroll of Regeneration | 6 | |
| Boots of Speed | 1 | |
| Scroll of Town Portal | 3 | |
| Lesser Clarity Potion | 5 | |
| Potion of Healing | 4 | |
| Potion of Lesser Invulnerability | 2 | |
21 total
TheBlackguards (
blue | 48 APM | 2843 actions | 59:34)
8 Blood Mage
3 Flame Strike
3 Siphon Mana
1 Summon Phoenix
1 Banish
1 Naga Sea Witch
1 Frost Arrows
1 Goblin Alchemist
1 Chemical Rage
» actions
| Assign group hotkey | 108 | |
| Basic commands | 196 | |
| Build / train | 124 | |
| Enter build submenu | 66 | |
| Enter hero's abilities submenu | 11 | |
| Give item / drop item | 12 | |
| Remove unit from queue | 2 | |
| Right click | 1174 | |
| Select / deselect | 458 | |
| Select group hotkey | 544 | |
| Use ability | 148 | |
2843 total
» units
| Peasant | 22 | |
| Footman | 4 | |
| Sorceress | 1 | |
| Gryphon Rider | 14 | |
41 total
» upgrades
| Masonry | 2 | |
| Lumber Harvesting | 2 | |
| Sorceress Training | 1 | |
| Swords | 3 | |
| Armor | 3 | |
| Animal War Training | 1 | |
| Storm Hammers | 1 | |
13 total
» buildings
| Altar of Kings | 1 | |
| Barracks | 1 | |
| Farm | 10 | |
| Scout Tower | 38 | |
| Arcane Tower | 1 | |
| Lumber Mill | 3 | |
| Arcane Vault | 2 | |
| Town Hall | 6 | |
| Guard Tower | 20 | |
| Keep | 1 | |
| Arcane Sanctum | 1 | |
| Gryphon Aviary | 5 | |
| Castle | 1 | |
| Blacksmith | 1 | |
91 total
» build order
00:44 Altar of Kings
00:46 Barracks
00:58 Farm
01:02 Farm
01:17 Farm
01:38 Farm
02:13 Farm
02:41 Scout Tower
03:14 Arcane Tower
03:35 Lumber Mill
03:55 Arcane Vault
04:16 Town Hall
04:18 Scout Tower
04:19 Scout Tower
04:21 Scout Tower
04:22 Scout Tower
04:42 Scout Tower
04:45 Scout Tower
04:48 Scout Tower
05:02 Guard Tower
05:17 Guard Tower
05:42 Guard Tower
06:54 Keep
08:40 Guard Tower
08:59 Scout Tower
09:01 Scout Tower
09:03 Scout Tower
09:06 Scout Tower
10:07 Guard Tower
11:06 Scout Tower
11:08 Scout Tower
11:11 Scout Tower
11:14 Scout Tower
11:36 Guard Tower
11:47 Guard Tower
11:52 Arcane Sanctum
11:54 Arcane Vault
12:30 Gryphon Aviary
12:32 Gryphon Aviary
12:46 Castle
14:09 Blacksmith
15:27 Farm
15:28 Farm
17:38 Gryphon Aviary
19:15 Town Hall
19:49 Farm
19:52 Farm
20:09 Farm
21:18 Scout Tower
21:18 Scout Tower
22:04 Guard Tower
22:05 Scout Tower
22:06 Scout Tower
22:15 Scout Tower
23:42 Town Hall
24:07 Town Hall
24:21 Guard Tower
24:49 Lumber Mill
25:04 Town Hall
25:13 Scout Tower
25:15 Scout Tower
25:17 Scout Tower
25:18 Scout Tower
25:22 Scout Tower
25:23 Scout Tower
25:24 Scout Tower
25:24 Scout Tower
25:44 Guard Tower
25:45 Guard Tower
25:54 Guard Tower
26:14 Guard Tower
26:16 Guard Tower
26:21 Guard Tower
26:45 Gryphon Aviary
26:47 Gryphon Aviary
38:11 Lumber Mill
38:50 Town Hall
38:55 Scout Tower
38:56 Scout Tower
38:57 Scout Tower
38:58 Scout Tower
39:03 Scout Tower
39:06 Scout Tower
39:06 Scout Tower
39:07 Scout Tower
39:08 Scout Tower
39:42 Guard Tower
39:59 Guard Tower
40:03 Guard Tower
40:10 Guard Tower
43:30 Guard Tower
» items
| Scroll of Regeneration | 6 | |
| Scroll of Town Portal | 6 | |
| Potion of Invisibility | 4 | |
| Boots of Speed | 3 | |
| Staff of Teleportation | 3 | |
| Potion of Healing | 4 | |
| Lesser Clarity Potion | 2 | |
| Potion of Mana | 2 | |
| Periapt of Vitality | 1 | |
| Potion of Lesser Invulnerability | 1 | |
32 total
Chat log
(00:07 / All) PUTINSTARTEDWW3: Real Darknesscalled?
(00:17 / Allies) DarKNeSSCaLLeD: maybe
(01:02 / Allies) SNOWman: u think
(01:05 / Allies) SNOWman: oboma would go to war
(01:07 / Allies) SNOWman: to protect
(01:08 / Allies) SNOWman: ukraine
(01:10 / Allies) SNOWman: i dont
(01:15 / Allies) PUTINSTARTEDWW3: He's obligated to
(01:40 / Allies) SNOWman: how so
(02:16 / Allies) PUTINSTARTEDWW3: budapest memorandum
(02:18 / Allies) PUTINSTARTEDWW3: it was broken
(02:27 / Allies) SNOWman: yee
(05:04 / Allies) SNOWman: hip chiom
(05:09 / Allies) Zero: k
(06:29 / All) TheBlackguards: does teal mh
(06:41 / All) Zero: yes
(06:42 / All) Zero: Map Hack
(06:50 / All) TheBlackguards: he reacted really quick
(06:59 / All) Zero: Im a pro gamer
(07:00 / All) GabrielUrach: FUCK U TEAL
(07:01 / All) GabrielUrach: MH
(07:04 / All) Zero: MAP HACK LOL'.
(07:19 / All) PUTINSTARTEDWW3: I'd normally be lvl 3 by now
(07:21 / All) TheBlackguards: like as soon as I came you hero focused
(07:24 / All) PUTINSTARTEDWW3: but allies took good creep camps
(07:32 / All) Zero: imagine if i had good ping
(07:37 / All) Zero: YOu'd probably have ggd by now
(08:12 / Allies) DarKNeSSCaLLeD: wood
(08:24 / Allies) DarKNeSSCaLLeD: fiend res
(08:26 / Allies) Zero: omw guys
(08:27 / Allies) DarKNeSSCaLLeD: red
(08:28 / Allies) DarKNeSSCaLLeD: feinds
(09:01 / Allies) Zero: ?
(09:22 / Allies) Zero: ROFL
(09:43 / Allies) DarKNeSSCaLLeD: I kijnd of needed that tele staff
(09:46 / Allies) DarKNeSSCaLLeD: what a bummer
(09:47 / All) GabrielUrach: kind hard to play
(09:50 / All) GabrielUrach: against hackers
(09:54 / Allies) PUTINSTARTEDWW3: I always get it for invisiharass
(09:58 / All) Zero: dont do stupid strats then noob
(10:09 / All) GabrielUrach: is a dead game
(10:10 / All) GabrielUrach: and u still hack
(10:25 / All) Zero: yes
(10:26 / All) Zero: Top hacker
(10:45 / All) TheBlackguards: darkness def hacks
(10:57 / Allies) PUTINSTARTEDWW3: wood
(10:58 / All) TheBlackguards: like how he rushes to it when I plop mroe towers
(11:14 / All) Zero: Darkness u filthy hacker
(11:23 / Allies) Zero: go again
(11:30 / Allies) DarKNeSSCaLLeD: I do not mh
(11:33 / All) TheBlackguards: Teal and darkness are friends and both have latency and mh
(11:38 / All) PUTINSTARTEDWW3: He says he doesn't mh in allied chat
(11:44 / All) TheBlackguards: sure
(12:13 / All) hiroshima: blue doesnt make units.
(12:14 / All) hiroshima: gg
(12:15 / All) hiroshima: 4k
(12:19 / All) GabrielUrach: blue
(12:20 / All) GabrielUrach: fuck u
(12:21 / All) GabrielUrach: noob
(12:35 / All) GabrielUrach: wtf is this man
(12:36 / All) GabrielUrach: 4 k
(12:37 / All) GabrielUrach: no units
(12:40 / All) GabrielUrach: FUCK U
(12:44 / All) Zero: Hes saving for upkeep
(12:51 / All) PUTINSTARTEDWW3: it's a new strat to them
(12:57 / All) PUTINSTARTEDWW3: doubt they know what upkeep is
(13:10 / All) TheBlackguards: Damn
(13:13 / All) GabrielUrach: i'm playing with noobs
(13:15 / All) GabrielUrach: and against hackers
(13:16 / All) GabrielUrach: gg
(13:19 / All) TheBlackguards: How come every time I play darkness he zones in o nme
(13:20 / All) DarKNeSSCaLLeD: im legit since dayh 1 roc
(13:26 / All) DarKNeSSCaLLeD: Who are you
(13:28 / All) TheBlackguards: and I never get help
(13:30 / All) PUTINSTARTEDWW3: Maybe he recognises something
(13:44 / Allies) Zero: b
(13:56 / All) TheBlackguards: There's no incentive not to mh
(14:02 / All) TheBlackguards: unless you uninstall a lot and too lzy like me
(14:10 / All) DarKNeSSCaLLeD: Never mh in my life
(14:12 / Allies) Zero: lets go again
(14:15 / All) DarKNeSSCaLLeD: i uninstal and come back every couple of years
(15:08 / All) DarKNeSSCaLLeD: Two people know me
(15:10 / All) DarKNeSSCaLLeD: How is this possible
(15:16 / All) PUTINSTARTEDWW3: You know us
(15:33 / Allies) DarKNeSSCaLLeD: F
(15:35 / All) DarKNeSSCaLLeD: Flamechamp?
(15:47 / All) DarKNeSSCaLLeD: 2 acos saved
(16:05 / All) GabrielUrach: 4x3
(16:06 / All) GabrielUrach: lol
(16:09 / All) PUTINSTARTEDWW3: I need more hawks damn
(16:11 / Allies) SNOWman: grneeen
(16:13 / Allies) SNOWman: noob tker
(16:13 / Allies) DarKNeSSCaLLeD: Thought you were preparing the backstab sir
(16:16 / Allies) PUTINSTARTEDWW3: lawl
(16:18 / Allies) PUTINSTARTEDWW3: not yet
(16:18 / Allies) SNOWman: he did
(16:21 / Allies) SNOWman: i owned him
(16:24 / Allies) SNOWman: he tried to kill me
(16:27 / Allies) SNOWman: and i pownd his ass
(16:28 / Allies) PUTINSTARTEDWW3: YOu have noob elf units like faerie dragons
(16:30 / Allies) PUTINSTARTEDWW3: they're annoying as shit
(16:33 / Allies) PUTINSTARTEDWW3: You killed 2 units
(16:39 / All) GabrielUrach: leave blue
(16:40 / All) GabrielUrach: pliz
(16:53 / Allies) DarKNeSSCaLLeD: Time for some shade anti invis BM actrion
(17:14 / Allies) Zero: come guys
(17:20 / Allies) SNOWman: no he tk me
(17:26 / Allies) Zero: ?
(17:29 / Allies) PUTINSTARTEDWW3: lol
(17:31 / Allies) SNOWman: he tker
(17:37 / Allies) PUTINSTARTEDWW3: let's hit
(17:52 / Allies) SNOWman: FIGHT
(17:53 / Allies) SNOWman: TP ALL
(17:56 / Allies) DarKNeSSCaLLeD: those copters are concerning
(18:07 / All) TheBlackguards: wow
(18:34 / All) Zero: Stop tking me My friend
(18:50 / All) PUTINSTARTEDWW3: I'm obligated to tk in a game with darkness calls
(18:56 / All) TheBlackguards: they split up their fucking forces like that wtf
(19:17 / Allies) PUTINSTARTEDWW3: I didn't realise cloud worked on allies until a few months ago
(19:24 / Allies) PUTINSTARTEDWW3: some ally did it against us and we thought he was a retard
(19:38 / Allies) DarKNeSSCaLLeD: Hello sir
(20:40 / Allies) Zero: can we finish this
(20:42 / Allies) PUTINSTARTEDWW3: no
(20:44 / Allies) Zero: very annoying gmae
(20:50 / Allies) PUTINSTARTEDWW3: good, as intended
(20:50 / Allies) DarKNeSSCaLLeD: Too many humans are unhealthy for a UD
(20:57 / Allies) DarKNeSSCaLLeD: Wouldnt you agree?
(21:08 / Allies) Zero: <too many humans is not healthy for anyone
(21:13 / Allies) PUTINSTARTEDWW3: We had a game a few days ago where my team was 3 undead
(21:19 / Allies) PUTINSTARTEDWW3: turncoat and flamechamp made them leave with just 2 heroes
(21:20 / Allies) DarKNeSSCaLLeD: What a shame
(21:25 / All) GabrielUrach: fucking mh
(21:32 / Allies) DarKNeSSCaLLeD: You two arent turncoat and flamechamp?
(21:38 / Allies) PUTINSTARTEDWW3: rod and turncoat
(21:44 / Allies) DarKNeSSCaLLeD: Who is rod
(21:46 / Allies) PUTINSTARTEDWW3: me
(21:59 / All) PUTINSTARTEDWW3: chims such bullshit when hero focusing
(22:38 / Allies) DarKNeSSCaLLeD: Their team was actually decent
(22:41 / Allies) DarKNeSSCaLLeD: Both humans knew how to play
(22:43 / All) TheBlackguards: this is high ell game
(22:44 / Allies) DarKNeSSCaLLeD: Very supririsng
(22:46 / Allies) PUTINSTARTEDWW3: You went straight for turncoat
(22:53 / All) PUTINSTARTEDWW3: wtf I'm tking yellow
(22:54 / All) PUTINSTARTEDWW3: piss off
(23:06 / All) DarKNeSSCaLLeD: I just aimed for the human who had decent micro and an expansion
(23:17 / All) TheBlackguards: they def mh
(23:20 / All) PUTINSTARTEDWW3: I didn't actually play that great this game
(23:22 / All) TheBlackguards: I jsut sent those peons there and there's red
(23:27 / All) PUTINSTARTEDWW3: I was in my base half the time since I didn't want to help our team
(23:31 / All) PUTINSTARTEDWW3: so I probably looked like an afk noob
(23:50 / All) DarKNeSSCaLLeD: Well
(24:01 / All) PUTINSTARTEDWW3: Stay for the standoff to add a win to your record lawl
(24:02 / All) DarKNeSSCaLLeD: It wouldnt matter much I suppose
(24:10 / All) DarKNeSSCaLLeD: Vs two humans who utilize tank/copter, no orc on our team for lust
(24:16 / All) DarKNeSSCaLLeD: Quite a sad UD I am
(24:27 / All) PUTINSTARTEDWW3: Nothing personal it's just business
(24:31 / All) PUTINSTARTEDWW3: have to tk with a stabber on each team
(24:32 / All) DarKNeSSCaLLeD: Yep
(24:35 / All) PUTINSTARTEDWW3: can't let a team get too strong
(24:37 / All) DarKNeSSCaLLeD: Ive abused many games anyhow
(24:46 / All) DarKNeSSCaLLeD: I went 15-0 or so adn couldnt find
(24:49 / All) DarKNeSSCaLLeD: Didnt realize how bad things had gotten
(24:49 / All) PUTINSTARTEDWW3: are your 8 losses from intentional ones?
(25:02 / All) DarKNeSSCaLLeD: All but one I think
(25:13 / All) 1370: red come on~
(25:17 / All) DarKNeSSCaLLeD: I'll keep my ELL low for a while Im sure I'll run into you guys
(25:19 / All) PUTINSTARTEDWW3: When I play ladder I always go like 70% but then end up 50% since I get the urge to tk assholes too much
(25:20 / All) DarKNeSSCaLLeD: Does flamechamp still play
(25:23 / All) PUTINSTARTEDWW3: yeah
(25:27 / All) PUTINSTARTEDWW3: he just wasn't on today
(25:32 / All) PUTINSTARTEDWW3: He may be tonight
(25:36 / All) DarKNeSSCaLLeD: Alright
(25:39 / All) Zero: thats funny
(25:47 / All) Zero: i end 90% and the 10% is from assholes like you
(25:49 / All) Zero: lol
(25:50 / All) PUTINSTARTEDWW3: LOL
(25:52 / All) DarKNeSSCaLLeD: Zero
(25:54 / All) DarKNeSSCaLLeD: This is not true
(26:00 / All) GabrielUrach: i cant belive
(26:01 / All) Zero: Ya
(26:02 / All) Zero: its a lie
(26:03 / All) PUTINSTARTEDWW3: If you lose to assholes like us
(26:03 / All) GabrielUrach: i win with blue
(26:07 / All) PUTINSTARTEDWW3: Some of your wins must be from assholes like us too
(26:18 / All) Zero: I guess
(26:23 / All) PUTINSTARTEDWW3: it works both ways
(26:35 / All) Zero: but lucks never on my side
(26:41 / All) GabrielUrach: i cant belive
(26:43 / All) GabrielUrach: i win
(26:43 / All) GabrielUrach: lol
(26:47 / Allies) DarKNeSSCaLLeD: Does turncoat even have a base or chance to attempt TK on his allies
(26:54 / Allies) PUTINSTARTEDWW3: he has 2 expos and his main
(27:05 / All) PUTINSTARTEDWW3: TANK VS TANK THE MOST EXCITING BATTLE IN WC3
(27:09 / All) hiroshima: LOL
(27:10 / Allies) DarKNeSSCaLLeD: Every game I get accused of MH lol
(27:16 / Allies) DarKNeSSCaLLeD: Just cause I know how to scout and time things properly
(27:18 / Allies) PUTINSTARTEDWW3: You can just be good and get accused of it
(27:18 / All) DarKNeSSCaLLeD: It's very amusing
(27:23 / Allies) PUTINSTARTEDWW3: turncoat uses reveal from goblin lab
(27:24 / Allies) PUTINSTARTEDWW3: gets called mh
(27:56 / All) GabrielUrach: weardest game ever
(27:59 / Allies) DarKNeSSCaLLeD: Even if he TKs
(28:03 / All) PUTINSTARTEDWW3: We get that a lot
(28:04 / All) DarKNeSSCaLLeD: It doesnt matter much
(28:31 / Allies) DarKNeSSCaLLeD: Cant stiop tanks
(28:55 / All) DarKNeSSCaLLeD: Nice
(28:56 / All) DarKNeSSCaLLeD: Hero down
(29:31 / Allies) DarKNeSSCaLLeD: They seriously can not mess this up can they?
(29:35 / All) DarKNeSSCaLLeD: They have like 20 tanks
(29:36 / Allies) PUTINSTARTEDWW3: YOu'd be surprised
(30:08 / Allies) DarKNeSSCaLLeD: Yes I am
(30:13 / All) GabrielUrach: wtf?
(30:14 / Allies) PUTINSTARTEDWW3: We've seen some shit on ladder
(30:15 / All) GabrielUrach: stop blue
(30:17 / Allies) PUTINSTARTEDWW3: they can ALWAYS mess it up
(30:18 / All) GabrielUrach: wtf?
(30:21 / All) DarKNeSSCaLLeD: Not surprised
(30:27 / Allies) Zero: if this happens i'll send you 100$
(30:31 / All) DarKNeSSCaLLeD: Its been a while since ive done low ELL though
(30:35 / Allies) DarKNeSSCaLLeD: Teal
(30:39 / Allies) DarKNeSSCaLLeD: its very likely you lose anyway
(31:14 / All) PUTINSTARTEDWW3: I hate using tanks
(31:16 / Allies) DarKNeSSCaLLeD: I really think
(31:16 / All) PUTINSTARTEDWW3: clunky ass unit
(31:21 / Allies) DarKNeSSCaLLeD: You need more towers
(31:27 / Allies) PUTINSTARTEDWW3: I agree
(31:28 / Allies) DarKNeSSCaLLeD: Though
(31:46 / All) PUTINSTARTEDWW3: Oh those assholes are long distance mining
(31:46 / All) DarKNeSSCaLLeD: Also turncoat you didnt have ghreat placement of towers at main or expo
(32:22 / All) DarKNeSSCaLLeD: Is someone on turncoat's team freaking out
(32:26 / All) PUTINSTARTEDWW3: they always are
(32:29 / All) Zero: Who's turncoat
(32:32 / All) PUTINSTARTEDWW3: blue
(32:35 / All) DarKNeSSCaLLeD: You can try and milk him
(32:37 / Allies) Zero: he bsed?
(32:42 / Allies) PUTINSTARTEDWW3: yes
(32:45 / All) Zero: LOL
(32:49 / All) DarKNeSSCaLLeD: Yes
(32:51 / All) DarKNeSSCaLLeD: The false hope
(32:52 / All) DarKNeSSCaLLeD: A good beginning
(32:58 / All) DarKNeSSCaLLeD: To crushing a spirit
(33:04 / Allies) PUTINSTARTEDWW3: let's hit pink
(33:15 / Allies) DarKNeSSCaLLeD: I suppose
(33:17 / Allies) Zero: almost lvl 6 ~~
(33:22 / Allies) DarKNeSSCaLLeD: Teal im so happy for you
(33:28 / All) DarKNeSSCaLLeD: We gonna win buddy!
(33:30 / All) DarKNeSSCaLLeD: Teal!!
(33:34 / All) DarKNeSSCaLLeD: Just keep it up!
(33:38 / All) DarKNeSSCaLLeD: i guarentee you a victory
(33:42 / All) PUTINSTARTEDWW3: lol
(33:48 / All) PUTINSTARTEDWW3: I thought he was with you at first
(33:49 / All) DarKNeSSCaLLeD: Teal what happens if we lose cause of green?
(33:57 / All) DarKNeSSCaLLeD: What will you do
(34:01 / All) Zero: Dunno mate, i get a loss?
(34:04 / All) Zero: And go to a new game?
(34:08 / All) DarKNeSSCaLLeD: Thats it?
(34:11 / All) Zero: pretty much.
(34:19 / All) DarKNeSSCaLLeD: Nice archmage
(34:41 / All) DarKNeSSCaLLeD: Not fair sir
(34:48 / All) DarKNeSSCaLLeD: Dreadlord 16 hp
(34:48 / All) TheBlackguards: life isn't fair
(35:01 / Allies) DarKNeSSCaLLeD: Eat orb
(35:06 / All) PUTINSTARTEDWW3: prick lawl
(35:23 / Allies) DarKNeSSCaLLeD: Can i escape
(35:24 / Allies) DarKNeSSCaLLeD: in time
(35:27 / Allies) DarKNeSSCaLLeD: Yes
(35:34 / All) Zero: RUN!
(35:37 / All) 1370: blue tk..
(35:42 / All) DarKNeSSCaLLeD: No he did not
(35:58 / Allies) Zero: omg
(35:59 / Allies) Zero: my kotg
(36:01 / All) TheBlackguards: this game is chaotic
(36:02 / Allies) PUTINSTARTEDWW3: lol
(36:02 / All) DarKNeSSCaLLeD: Please finish that archmage
(36:05 / Allies) PUTINSTARTEDWW3: too bad I couldn't staff it
(36:06 / All) Zero: griffons are op
(36:08 / All) DarKNeSSCaLLeD: That escaped me
(36:29 / All) TheBlackguards: I only have 50 APM this is too much
(36:34 / Allies) Zero: should i buy a staff of teleportation or rebuild a base?
(36:42 / Allies) Zero: decisions
(36:46 / All) PUTINSTARTEDWW3: I can have 110 APM but I'm probably way too lazy and putting in 70 this game
(37:01 / All) DarKNeSSCaLLeD: Mine peaks to 200 but with UD you dont need much really
(37:13 / All) PUTINSTARTEDWW3: How can you have 200 without spam?
(37:23 / All) DarKNeSSCaLLeD: I dont know just how I always played
(37:28 / All) DarKNeSSCaLLeD: it gets higher when I do orc FFA
(37:34 / All) DarKNeSSCaLLeD: Lot more stuff going on in battles
(37:35 / All) Zero: polymorph OP
(37:42 / All) PUTINSTARTEDWW3: I agree fuck polymorph
(37:46 / All) DarKNeSSCaLLeD: Teal I need that well
(37:52 / All) Zero: use it at will
(38:13 / All) DarKNeSSCaLLeD: Invis the sorc
(38:16 / All) DarKNeSSCaLLeD: oh wait you cant I forgot
(38:19 / All) DarKNeSSCaLLeD: Cant self invis
(38:22 / All) DarKNeSSCaLLeD: Right?
(38:30 / Allies) Zero: unlikely
(38:36 / All) GabrielUrach: congratulations blue
(38:40 / All) GabrielUrach: you are helping the hackers
(38:41 / All) GabrielUrach: go on
(38:44 / Allies) Zero: LOL
(38:44 / All) DarKNeSSCaLLeD: Pink are you ok
(38:45 / All) TheBlackguards: Thanks, I will
(38:49 / All) Zero: R u gonna be ok mate
(38:56 / All) GabrielUrach: congratulatons
(38:59 / All) GabrielUrach: for help the hackers
(39:06 / All) Zero: Gosu hackers
(39:13 / All) PUTINSTARTEDWW3: I think I'm the only hacker on my team but I never am willing to put in the effort to use it much anyway
(39:14 / Allies) DarKNeSSCaLLeD: You know the word gosu
(39:15 / All) DarKNeSSCaLLeD: Interesting
(39:26 / All) DarKNeSSCaLLeD: Gryph down
(39:36 / Allies) Zero: I WILL SAVE YOU
(39:46 / All) GabrielUrach: help the hackers
(39:47 / All) GabrielUrach: blue
(39:51 / All) TheBlackguards: I can offend one gryph
(39:57 / All) DarKNeSSCaLLeD: I suppose
(40:00 / All) Zero: omg so close
(40:06 / All) DarKNeSSCaLLeD: Yes teal this is a close game
(40:12 / All) DarKNeSSCaLLeD: You might be the key to our victory
(40:13 / All) Zero: no close to killing AM Mate
(40:22 / All) GabrielUrach: oj
(40:23 / All) PUTINSTARTEDWW3: I should have asked for it to be tp staffed
(40:23 / All) DarKNeSSCaLLeD: Green has a surprising lack of expansions
(40:24 / All) GabrielUrach: noob
(40:27 / All) GabrielUrach: oj noob
(40:29 / All) PUTINSTARTEDWW3: Yeah I normally have 2 or 3
(40:32 / All) GabrielUrach: learn to play like a man
(40:34 / All) TheBlackguards: If pink makes amends I might try to win for my team
(40:36 / All) DarKNeSSCaLLeD: Pink
(40:39 / All) DarKNeSSCaLLeD: I will try
(40:40 / All) Zero: ya orange
(40:42 / All) Zero: Learn to play like a man
(40:43 / All) TheBlackguards: HHe has shit talked me all game
(40:47 / All) GabrielUrach: play like a man
(40:50 / All) GabrielUrach: noob
(40:51 / All) DarKNeSSCaLLeD: I dont maphack if that is what you are inferring
(40:52 / All) TheBlackguards: Pink needs to learn that his words carry consequence
(40:53 / All) Zero: NOOB
(40:59 / All) DarKNeSSCaLLeD: You just suck
(41:01 / All) GabrielUrach: blue
(41:06 / All) GabrielUrach: you are a nerd virgim
(41:08 / All) GabrielUrach: and fat
(41:09 / All) Zero: lol
(41:12 / All) TheBlackguards: How did you know
(41:13 / All) Zero: Ownd.
(41:14 / All) DarKNeSSCaLLeD: Pink why are you so angry?
(41:15 / All) GabrielUrach: and i will hit your mom
(41:19 / All) DarKNeSSCaLLeD: oh boy
(41:24 / All) TheBlackguards: You've been hiding in bushes, and up chimneys, and around trees
(41:28 / All) PUTINSTARTEDWW3: He's doing the your mom jokes
(41:29 / All) TheBlackguards: OR YOU COULDN'T HAVE KNOWN IT!
(41:31 / All) PUTINSTARTEDWW3: He's got some real creativity
(41:32 / All) GabrielUrach: i will hit your mom blue
(41:38 / All) GabrielUrach: that fat old bitch
(41:38 / Allies) PUTINSTARTEDWW3: We had a 19 hour standoff the other day
(41:39 / All) Zero: Wow wait
(41:42 / All) TheBlackguards: That's where the black eye came from
(41:46 / All) Zero: is the Dh's metamorphosis' attack splash dmg?
(41:47 / All) Zero: Wtf
(41:48 / All) TheBlackguards: You fuckign woman beater!
(41:52 / All) TheBlackguards: You deserve this loss!
(41:53 / All) GabrielUrach: No man
(41:54 / All) DarKNeSSCaLLeD: Why havent you TP staffed TK these archmages yet turncoat
(41:55 / All) GabrielUrach: i want your mother
(41:59 / All) GabrielUrach: that fat old bitch
(42:03 / All) TheBlackguards: Well you can't have her, she's spoken for
(42:04 / All) PUTINSTARTEDWW3: FIGHT MY AM YOU PRICK
(42:18 / All) DarKNeSSCaLLeD: Excellent
(42:22 / All) Zero: Eggcelent
(42:23 / All) TheBlackguards: wtfeh
(42:25 / All) GabrielUrach: i have to use condoms with your mother
(42:26 / All) hiroshima: LOL
(42:27 / All) DarKNeSSCaLLeD: I got him
(42:29 / All) GabrielUrach: she have dissease
(42:29 / All) hiroshima: go yellow
(42:32 / All) DarKNeSSCaLLeD: Argh
(42:38 / All) hiroshima: go gandalf go
(42:40 / All) Zero: dont lose lich my friend
(42:44 / All) TheBlackguards: ALL CHASE
(42:44 / All) Zero: it is the key to our victory
(42:46 / All) GabrielUrach: I HAVE TO USE CONDONS WITH YOUR MOTHER BLUE.. SHE HAVE DISSEASES
(42:46 / All) TheBlackguards: ALL CHASE
(42:49 / All) DarKNeSSCaLLeD: I need my boots back
(42:51 / All) TheBlackguards: WE HAVE A RUNAWAY
(42:55 / All) TheBlackguards: LANDAZAR THE FUGITIVE OF THE LAW
(42:57 / Allies) Zero: where are htye
(43:03 / All) DarKNeSSCaLLeD: How long on tp staff cooldown
(43:06 / All) GabrielUrach: blue your mom like anal?
(43:18 / Allies) Zero: phoenix
(43:34 / Allies) Zero: hye putin my man
(43:36 / All) GabrielUrach: blue can i hit your mom asshole?
(43:41 / Allies) Zero: do you have some gold for me
(43:44 / All) DarKNeSSCaLLeD: Pink thats uncalled for
(43:47 / Allies) Zero: you killed at least 2 of my dryads
(43:50 / Allies) Zero: so 290 gold would be fair
(43:55 / Allies) PUTINSTARTEDWW3: lol
(44:01 / All) TheBlackguards: One fugitive remains, Fordred Aran
(44:03 / All) GabrielUrach: your mother is a bitch blue
(44:03 / All) 1370: blue u noob
(44:06 / All) PUTINSTARTEDWW3: Teal trying to ask for gold saying I killed at least 2 dryads so it's only fair
(44:06 / All) DarKNeSSCaLLeD: How do you guys still get kids to rage in an 11 year old game
(44:07 / All) GabrielUrach: but i will hit her
(44:08 / All) PUTINSTARTEDWW3: trying to barter and shit
(44:09 / All) PUTINSTARTEDWW3: guilt me
(44:13 / All) Zero: lOL
(44:14 / All) 1370: blue siko
(44:18 / All) GabrielUrach: yellow
(44:19 / All) Zero: so how havent you guys won yet
(44:22 / All) Zero: this istaking a while
(44:24 / All) GabrielUrach: i will fuck her mother
(44:25 / All) PUTINSTARTEDWW3: They always rage easily
(44:26 / All) GabrielUrach: dont worry
(44:27 / All) PUTINSTARTEDWW3: That or they're mutes
(44:31 / All) PUTINSTARTEDWW3: It's less often in between
(44:38 / Allies) DarKNeSSCaLLeD: Teal
(44:43 / Allies) DarKNeSSCaLLeD: Go super sayina mode and fight those towers
(44:43 / Allies) Zero: Darknesscalled
(44:44 / All) GabrielUrach: Yellow dont you worry
(44:46 / All) DarKNeSSCaLLeD: I got faith in you main
(44:47 / Allies) DarKNeSSCaLLeD: man
(44:48 / Allies) Zero: no that's the turncoat
(44:49 / All) GabrielUrach: he is a nerd fat virgim
(44:53 / Allies) Zero: i cant kill him
(44:58 / All) GabrielUrach: life already punishing him
(45:00 / Allies) DarKNeSSCaLLeD: You certainly can
(45:02 / Allies) DarKNeSSCaLLeD: Trust me, hes a noob
(45:06 / Allies) Zero: no it is against my principles
(45:06 / Allies) DarKNeSSCaLLeD: Go for it buddy
(45:07 / All) PUTINSTARTEDWW3: "no that's the turncoat I cant kill him" - teal
(45:22 / All) Zero: Much like i cant kill you
(45:34 / All) DarKNeSSCaLLeD: Might I assist in your TP staff stabbing efforts? That DH from teal looks tasty
(45:37 / All) GabrielUrach: Blue your mother swalow the cum?
(45:46 / All) PUTINSTARTEDWW3: Sure
(45:51 / All) GabrielUrach: good
(45:51 / All) Zero: STOP!!!!
(45:57 / All) Zero: OMG STOP!!!!
(45:59 / All) DarKNeSSCaLLeD: Turncoat stole it from the shop
(46:01 / All) GabrielUrach: Blue i can cum or her face?
(46:08 / All) GabrielUrach: blue can i cum in your mothers face?
(46:18 / All) PUTINSTARTEDWW3: I'll stop, teal, if you name every president of the USA
(46:22 / All) PUTINSTARTEDWW3: start naming them now
(46:24 / All) Zero: I'm not american
(46:28 / All) DarKNeSSCaLLeD: Wikipedia
(46:29 / All) PUTINSTARTEDWW3: name every president anyway
(46:32 / All) PUTINSTARTEDWW3: neither am I
(46:33 / All) GabrielUrach: BLUE YOUR MOTHER SHIT IN MY DICK
(46:34 / All) GabrielUrach: FUCK!
(46:35 / All) Zero: Save me blue
(46:56 / All) TheBlackguards: Another murderer brought to justice
(46:56 / All) GabrielUrach: BLUE YOUR MOTHER SHIT IN MY DICK
(47:00 / All) GabrielUrach: WHAT A BITCH
(47:05 / All) DarKNeSSCaLLeD: Pink you need to calm down
(47:06 / All) TheBlackguards: Yeah, that's weird
(47:07 / All) PUTINSTARTEDWW3: shit in my dick? wtf even kind of insult is that
(47:08 / All) TheBlackguards: She shit in your dick?
(47:18 / All) GabrielUrach: i was banging her assholer
(47:23 / All) GabrielUrach: fuck that bitch
(47:28 / All) DarKNeSSCaLLeD: How did it feel
(47:38 / All) GabrielUrach: i'm gonna have to clean it up
(47:44 / All) GabrielUrach: them i will back to fuck her ass again
(47:47 / All) DarKNeSSCaLLeD: This is more amusing than high ELL hackers bitching about losses or not being fed
(47:48 / All) PUTINSTARTEDWW3: That's real shitty pink
(47:49 / All) TheBlackguards: What variety of mud person are you?
(47:57 / All) Zero: I don't even know what ELL means
(48:02 / All) GabrielUrach: blue
(48:09 / All) GabrielUrach: if your mother let me cum in her face
(48:13 / All) GabrielUrach: i will buy you a mcdonald
(48:16 / Allies) PUTINSTARTEDWW3: Check our "Mexican standoff top tier chat" or whatever on highperch darkness
(48:16 / All) Zero: I'm worrying actually
(48:20 / Allies) PUTINSTARTEDWW3: it had great chat
(48:22 / All) GabrielUrach: little fat
(48:40 / All) Zero: omg
(48:41 / All) Zero: Ok afk
(48:43 / All) TheBlackguards: Advanced blocking lol
(48:43 / All) Zero: gl
(48:49 / All) PUTINSTARTEDWW3: I bet teal will stay for a standoff
(48:52 / All) Zero: it was poorly executed
(48:55 / All) Zero: Wouldnt have worked if i wasnt banished
(48:56 / All) GabrielUrach: she says yes man
(48:59 / All) GabrielUrach: i wil cum in her face
(49:01 / All) DarKNeSSCaLLeD: Mexican standoff it is then?
(49:04 / All) GabrielUrach: them i buy u a mc donald
(49:05 / All) Zero: AFk
(49:09 / All) TheBlackguards: Aye, the usual
(49:11 / All) PUTINSTARTEDWW3: yeah standoff
(49:18 / All) TheBlackguards: Purple has 2 food somehwer
(49:19 / All) DarKNeSSCaLLeD: Alright
(49:24 / All) DarKNeSSCaLLeD: I'll prob run into you guys later tonight im sure
(49:26 / All) DarKNeSSCaLLeD: Peace
(49:27 / All) 1370: 19000K -_-
(49:37 / All) Zero: hey putin
(49:42 / All) GabrielUrach: 1370
(49:43 / All) Zero: I give you control of my bears
(49:44 / All) GabrielUrach: yelow
(49:45 / All) Zero: Make good use of them
(49:47 / All) GabrielUrach: he will buy mcdonalds
(49:52 / All) GabrielUrach: that fat guy
(49:54 / All) GabrielUrach: and virigm
(49:59 / All) 1370: we lose
(50:03 / All) GabrielUrach: whatever
(50:07 / All) 1370: fuck blue
(50:09 / All) TheBlackguards: No one lose
(50:10 / All) GabrielUrach: i will fuck blue mamas ass
(50:19 / All) GabrielUrach: and after that
(50:22 / All) GabrielUrach: he will eat mcdonalds
(50:25 / All) 1370: blue u lose
(50:26 / All) TheBlackguards: No one loses!
(50:27 / All) 1370: haha
(50:37 / All) PUTINSTARTEDWW3: From where you're kneeling it must look like an 18 karat turn of bad luck
(50:39 / All) PUTINSTARTEDWW3: But the truth is
(50:43 / All) PUTINSTARTEDWW3: The game was rigged from the start
(50:43 / All) 1370: green winer
(50:54 / All) 1370: blue loss
(50:59 / All) 1370: green win
(51:05 / All) GabrielUrach: he not loss man
(51:11 / All) GabrielUrach: i will buy him a mcdonald
(51:19 / All) GabrielUrach: them he will be happy
(51:29 / All) GabrielUrach: after i cum in her mama
(51:48 / All) 1370: bye blue u loss
(51:50 / All) 1370: hahahaha
(51:56 / All) 1370: green gogogo
(52:01 / All) GabrielUrach: blue is a retard
(52:17 / All) GabrielUrach: blue you got seriosly problem man
(52:20 / All) GabrielUrach: you sick
(52:27 / All) TheBlackguards: What's that?
(52:48 / All) GabrielUrach: your mom cum in my face
(52:58 / All) TheBlackguards: Did she?
(53:02 / All) GabrielUrach: yes
(53:09 / All) GabrielUrach: she really likes anal
(53:09 / All) 1370: blue loss
(53:09 / All) TheBlackguards: oh
(53:11 / All) TheBlackguards: lol
(53:12 / All) 1370: hahahaha
(53:19 / All) TheBlackguards: by the towers
(53:36 / All) GabrielUrach: your mom want to fell my dick
(53:39 / All) GabrielUrach: in her ass again
(53:48 / All) GabrielUrach: what should i do?
(53:55 / All) PUTINSTARTEDWW3: kill yourself
(53:56 / All) TheBlackguards: I don't know, man. That's your call.
(54:02 / All) GabrielUrach: ok
(54:06 / All) GabrielUrach: i wil bang that fat ass again
(55:26 / All) PUTINSTARTEDWW3: oh teal is still here
(55:28 / All) PUTINSTARTEDWW3: I didn't realise
(55:42 / All) TheBlackguards: He's the lone participant of your team
(56:27 / All) GabrielUrach: bro
(56:36 / All) GabrielUrach: your father wants to be penetraded too
(56:46 / All) PUTINSTARTEDWW3: penetraded?
(56:54 / All) PUTINSTARTEDWW3: is that some gay slang for double penetration?
(56:55 / All) GabrielUrach: i'm not gay man
(56:58 / All) TheBlackguards: You like old men?|
(57:03 / All) GabrielUrach: i will not fuck your father
(57:14 / All) TheBlackguards: You like twinks instaed?
(57:16 / All) GabrielUrach: are u gay like your father?
(57:30 / All) TheBlackguards: How many dicks do you suck a day, pink?|
(57:38 / All) TheBlackguards: Your sister's record is 33
(57:47 / All) TheBlackguards: Shoot for the stars and break her record
(58:03 / All) TheBlackguards: Your sister let over 100 men gangbang and bukkake her
(58:04 / All) GabrielUrach: dude
(58:09 / All) TheBlackguards: I bet you could do 250 in a day
(58:09 / All) GabrielUrach: i dont have a sister
(58:11 / All) GabrielUrach: bitch
(58:18 / All) PUTINSTARTEDWW3: Alright my side done just killing my army
(58:29 / All) TheBlackguards: Or do you already have it faggot?
(58:34 / All) PUTINSTARTEDWW3: My side is complete
(58:41 / All) PUTINSTARTEDWW3: Good luck everyone
(58:45 / All) PUTINSTARTEDWW3: LET IT BEGIN, LET IT BEGIN!
(58:46 / All) GabrielUrach: yeah man i have
(58:51 / All) GabrielUrach: i get it from your mother today
(59:10 / All) TheBlackguards: Pink's an STD riddled mess because he lets any ol fag bareback fuck him
(59:32 / All) TheBlackguards: Good luck, may this stalemate never end!